 Dungeon Crawl Stone Soup version 0.18.1-48-g4cf74bf (webtiles) character file.

119 Inchmeat the Digger (level 4, 0/33 HPs)
             Began as a Demigod Earth Elementalist on July 21, 2016.
             Succumbed to a kobold's poison
             ... in a sewer.
             The game lasted 00:08:54 (2633 turns).

Inchmeat the Digger (Demigod Earth Elementalist)    Turns: 2633, Time: 00:08:54

Health: 0/33       AC:  5    Str: 11    XL:     4   Next: 47%
Magic:  9/9        EV: 12    Int: 21    God:
Gold:   71         SH:  0    Dex: 14    Spells: 2 memorised, 3 levels left

rFire  . . .     SeeInvis .     r - staff of conjuration
rCold  . . .     Gourm    .     a - +0 robe
rNeg   . . .     Faith    .     (no shield)
rPois  .         Spirit   .     (no helmet)
rElec  .         Dismiss  .     i - +2 cloak
rCorr  .         Reflect  .     (no gloves)
SustAt +         Harm     .     (no boots)
MR     .....                    (no amulet)
Stlth  +.........               (no ring)
                                (no ring)

@: lethally poisoned (0 -> -1), not resistant to hostile enchantments, very
unstealthy
A: clumsy 1, high mp 1, sustain attributes
a: no special abilities


You were in a sewer.
You were hungry.

You visited 1 branch of the dungeon, and saw 4 of its levels.
You also visited: Sewer.

You collected 71 gold pieces.

Inventory:

Hand Weapons
 g - a +0 club
Missiles
 b - 42 stones (quivered)
Armour
 a - a +0 robe (worn)
 i - a +2 cloak (worn)
Magical Staves
 r - an uncursed staff of conjuration (weapon)
Potions
 e - a potion of agility
Books
 c - a book of Geomancy

   Spells                             Type                      Level
   a - Sandblast                      Earth                        1
   b - Passwall                       Transmutation/Earth          2
   c - Stone Arrow                    Conjuration/Earth            3
   d - Petrify                        Transmutation/Earth          4
   e - Lee's Rapid Deconstruction     Earth                        5
Comestibles
 d - a bread ration
 j - 3 chunks of flesh
 k - a meat ration
 o - a beef jerky


   Skills:
 + Level 0.1 Fighting
 - Level 1.7 Dodging
 - Level 1.7 Stealth
 * Level 1.8 Spellcasting
 + Level 0.8 Transmutations
 * Level 5.0 Earth Magic


You had 3 spell levels left.
You knew the following spells:

 Your Spells              Type           Power        Failure   Level  Hunger
a - Sandblast             Erth           ###...       1%          1    #......
b - Passwall              Trmt/Erth      ##........   10%         2    ###....


Dungeon Overview and Level Annotations

Branches:
Dungeon (4/15)
 Temple: D:4-7


Innate Abilities, Weirdness & Mutations

You have an increased reservoir of magic (+10% MP).
Your attributes are resistant to harm.
You are clumsy. (Dex -2)


Message History

You feel sick.
Drink which item? (? for menu, Esc to quit)
Okay, then.
Read which item? (? for menu, Esc to quit)
Enchant which item? (? for menu, Esc to quit)
As you read the scroll of enchant armour, it crumbles to dust.
Your +1 cloak glows green for a moment.
* * * LOW HITPOINT WARNING * * *
You feel sick.
You see here a poisoned needle.
* * * LOW HITPOINT WARNING * * *
You feel sick.
You see here 4 poisoned needles.
* * * LOW HITPOINT WARNING * * *
You feel sick.
* * * LOW HITPOINT WARNING * * *
You feel sick.
* * * LOW HITPOINT WARNING * * *
You feel sick.
You die...

#≈#
#(#
#≈#
#≈#
#≈#
#≈#
#≈#
#≈#
#@#
#≈#
#.#
#.#
#.#
#.#
#.#
#.#
#÷#


There were no monsters in sight!

Vanquished Creatures
  A worker ant (D:4)
  3 adders
  2 oozes
  A worm (D:2)
  3 dart slugs
  2 giant geckos
  An orc (D:2)
  A ball python (D:2)
  A giant cockroach (D:2)
  6 goblins
  8 hobgoblins
  A quokka (D:4)
  9 bats
  4 giant newts
  3 kobolds
  6 rats
52 creatures vanquished.

Vanquished Creatures (others)
  A kobold (D:2)
1 creature vanquished.

Grand Total: 53 creatures vanquished

Notes
Turn   | Place    | Note
--------------------------------------------------------------
     0 | D:1      | Inchmeat the Demigod Earth Elementalist began the quest for the Orb.
     0 | D:1      | Reached XP level 1. HP: 14/14 MP: 5/5
   168 | D:1      | Reached skill level 3 in Earth Magic
   213 | D:1      | Reached XP level 2. HP: 16/20 MP: 0/7
   346 | D:1      | Learned a level 2 spell: Passwall
  1144 | D:2      | Reached XP level 3. HP: 26/26 MP: 6/8
  1199 | D:2      | Reached skill level 4 in Earth Magic
  1417 | D:2      | Found a sparkling altar of Nemelex Xobeh.
  1590 | D:2      | Found a deep blue altar of Sif Muna.
  2016 | D:3      | Reached XP level 4. HP: 33/33 MP: 5/9
  2511 | D:4      | Found a glowing drain.
  2530 | Sewer    | Entered a sewer
  2535 | Sewer    | Reached skill level 5 in Earth Magic
  2598 | Sewer    | Noticed a big kobold
  2613 | Sewer    | Gained mutation: You are clumsy. (Dex -2) [potion of mutation]
  2631 | Sewer    | HP: 1/33 [poisoned by a kobold]
  2633 | Sewer    | Succumbed to a kobold's poison

Skill      XL: |  1  2  3  4 |
---------------+-------------+-----
Earth Magic    | 3 4 5 |  5.0
Fighting       | |  0.1
Dodging        | |  1.7
Stealth        | |  1.7
Spellcasting   | |  1.8
Transmutations | |  0.8

Action                   |  1- 3 |  4- 6 || total
-------------------------+-------+-------++-------
Melee: Club              |    19 |       ||    19
       Unarmed           |     3 |       ||     3
       Staff             |       |     8 ||     8
 Cast: Sandblast         |    77 |    18 ||    95
  Use: Scroll            |     1 |     8 ||     9
       Potion            |       |     5 ||     5
 Stab: Sleeping          |     1 |       ||     1
  Eat: Chunk             |     3 |     3 ||     6
Armor: Robe              |    21 |     2 ||    23
Dodge: Dodged            |    38 |    22 ||    60
